 Dungeon Crawl Stone Soup version 0.30-a0-373-gd37427bb62 (webtiles) character file.

Game seed: 8698513539567811946

1638 Maxmaps the Carver (level 8, -5/56 (62) HPs)
             Began as a Demonspawn Gladiator on Nov 24, 2022.
             Was an Initiate of Gozag.
             Slain by a wight
             ... wielding a +2 halberd of freezing
              (6 damage)
             ... on level 6 of the Dungeon.
             The game lasted 00:05:39 (6454 turns).

Maxmaps the Carver (Demonspawn Gladiator)           Turns: 6454, Time: 00:05:40

HP:   -5/56 (62)    AC:  8    Str: 15    XL:     8   Next: 66%
MP:   8/8           EV: 11    Int: 11    God:    Gozag
Gold: 744           SH:  0    Dex: 15    Spells: 7/7 levels left

rFire   + . .      SeeInvis .    h - +1 dagger (elec)
rCold   . . .      Faith    .    (no shield)
rNeg    . . .      Spirit   .    g - +0 ring mail
rPois   .          Reflect  .    H - +0 helmet
rElec   .          Harm     .    r - +0 cloak
rCorr   .          Rampage  .    (no gloves)
Will    .....                    (no boots)
Stlth   +.........               u - amulet of the acrobat
HPRegen 0.29/turn                p - ring of protection from fire
MPRegen 0.11/turn                (no ring)

@: drained
A: powered by death 1, powered by pain 1, sharp scales 1
a: Renounce Religion, Potion Petition, Call Merchant, Bribe Branch


You were on level 6 of the Dungeon.
You worshipped Gozag.
Gozag was pleased with you.
You visited 1 branch of the dungeon, and saw 6 of its levels.
You also visited: Ossuary.

You collected 797 gold pieces.
You paid 53 gold pieces to Gozag.

Inventory:

Hand Weapons
 a - a +0 long sword
 h - a +1 dagger of electrocution (weapon)
 t - a +2 short sword of venom
Missiles
 d - 3 throwing nets (quivered)
 e - a javelin
Armour
 g - a +0 ring mail (worn)
 r - a +0 cloak (worn)
 H - a +0 helmet (worn)
Jewellery
 p - a ring of protection from fire (left hand)
 u - an amulet of the acrobat (around neck)
 w - a ring of magical power
Wands
 c - a wand of iceblast (5)
 x - a wand of digging (5)
 z - a wand of light (17)
 C - a wand of mindburst (23)
 G - a wand of flame (9)
Scrolls
 f - 3 scrolls of identify {unknown}
 i - 5 scrolls of silence {unknown}
 l - 4 scrolls of teleportation {unknown}
 n - a scroll of summoning {unknown}
 v - 2 scrolls of poison {unknown}
 y - a scroll of enchant weapon
 A - 2 scrolls of immolation {unknown}
 B - 2 scrolls of fog {unknown}
 E - a scroll of vulnerability {unknown}
 F - a scroll of amnesia {unknown}
Potions
 j - a potion of resistance {unknown}
 k - a potion of might {unknown}
 m - 2 potions of curing {unknown}
 o - 3 potions of magic {unknown}
 q - 3 potions of brilliance {unknown}
 s - 3 potions of mutation {unknown}
 D - 3 potions of flight {unknown}
 I - a potion of berserk rage {unknown}


   Skills:
 - Level 5.1 Fighting
 + Level 9.6 Long Blades
 - Level 1.7 Throwing
 - Level 2.6 Dodging


You had 7 spell levels left.
You didn't know any spells.
Your spell library contained the following spells:

 Spells                   Type           Power      Damage    Failure   Level
 Slow                     Hex            0%         N/A       56%         1
 Cigotuvi's Dreadful Rot  Necr/Pois/Air  0%         N/A       71%         2
 Ensorcelled Hibernation  Hex/Ice        0%         N/A       71%         2
 Passwall                 Tmut/Erth      0%         N/A       71%         2
 Call Canine Familiar     Summ           0%         N/A       91%         3
 Confusing Touch          Hex            0%         N/A       91%         3
 Ignite Poison            Fire/Tmut/Pois 0%         N/A       91%         3
 Portal Projectile        Hex/Tloc       0%         N/A       91%         3
 Swiftness                Air            0%         N/A       91%         3
 Vampiric Draining        Necr           0%         2d6       91%         3
 Dispel Undead            Necr           0%         3d6       100%        4
 Leda's Liquefaction      Hex/Erth       0%         N/A       100%        4
 Sticky Flame             Conj/Fire      0%         2d3       100%        4
 Death Channel            Necr           0%         N/A       100%        6
 Ignition                 Fire           0%         3d3       100%        8


Dungeon Overview and Level Annotations

Branches:
Dungeon (6/15)             Temple (0/1) D:4         Ossuary (visited)

Altars:
Gozag
Makhleb
Okawaru
Ru
Sif Muna


Innate Abilities, Weirdness & Mutations

You regenerate a little health from kills.
You sometimes gain a little power by taking damage.
You are partially covered in razor-sharp scales. (AC +1, Slay +1)


Message History

The wight is moderately damaged.
The wight barely misses you.
You closely miss the wight.
The wight is moderately damaged.
The wight closely misses you.
You barely miss the wight.
The wight is moderately damaged.
You hit the wight but do no damage. Lightning courses through the wight!
You destroy the wight!
The wight barely misses you.
The wight hits you with a +2 halberd of freezing.
The wight freezes you. The wight completely misses you.
You hit the wight.
The wight is lightly damaged.
The wight hits you with a +2 halberd of freezing!
You feel drained. The wight freezes you. The wight hits you with a +5 mace.
You hit the wight but do no damage.
The wight is lightly damaged.
You hit the wight.
The wight is moderately damaged.
The wight hits you with a +2 halberd of freezing!
You feel drained. The wight freezes you.
* * * LOW HITPOINT WARNING * * *
The wight hits you with a +5 mace!
* * * LOW HITPOINT WARNING * * *
The wight attacks as you move away! The wight closely misses you.
The wight completely misses you.
Things that are here:
3 gold pieces; a +4 falchion of freezing; a +0 robe You feel much better.
The wight hits you from afar with a +2 halberd of freezing!
The wight freezes you. The wight hits you with a +5 mace.
* * * LOW HITPOINT WARNING * * *
You hit the wight.
The wight is heavily damaged.
The wight hits you from afar with a +2 halberd of freezing!
* * * LOW HITPOINT WARNING * * *
You feel drained. The wight freezes you.
You die...
Your body crumbles into a pile of gold.

#####.#### #
#........### ####
##..........#
...#####...........#
......##...........#
###................##
###................#
##....#.............#
.....##.........@...#
...###..........z$.##
.### #............z#
## #.............#
###........##.[ #
######### #.## ..#
#.# ..# #.# ..# #..


You could see 2 wights.

Vanquished Creatures
  2 wraiths (Ossuary)
  3 ice beasts
  2 centaurs
  An ogre (D:5)
  2 scorpions (D:5)
  A necrophage (D:4)
  3 wights
  2 jellies
  An orc priest (D:5)
  2 hounds (D:5)
  4 iguanas
  3 orc wizards (D:5)
  5 adders
  2 white imps (D:5)
  2 adder zombies (Ossuary)
  2 dart slugs
  14 orcs
  14 endoplasms
  4 giant cockroaches
  7 hobgoblins
  3 jackals (D:1)
  10 kobolds
  7 ball pythons
  4 bats
  4 frilled lizards
  6 goblins
  2 kobold zombies (Ossuary)
  3 orc skeletons (Ossuary)
  An orc zombie (Ossuary)
  2 rats
118 creatures vanquished.

Notes
Turn   | Place    | Note
-------+----------+-------------------------------------------
     0 | D:1      | Maxmaps the Demonspawn Gladiator began the quest for the
                  | Orb.
     0 | D:1      | Reached XP level 1. HP: 16/16 MP: 1/1
   348 | D:1      | Gained mutation: You are partially covered in razor-sharp
                  | scales. (AC +1, Slay +1) [demonic ancestry]
   348 | D:1      | Reached XP level 2. HP: 20/23 MP: 2/2
   422 | D:1      | Found a faded altar of an unknown god.
   713 | D:1      | Reached XP level 3. HP: 29/29 MP: 3/3
  1126 | D:2      | Found the +4 robe of Augmentation {Str+4 Int+4 Dex+4}
  2163 | D:3      | Reached XP level 4. HP: 34/38 MP: 4/4
  2392 | D:3      | Reached skill level 5 in Fighting
  2470 | D:3      | Found an opulent altar of Gozag.
  2623 | D:3      | Became a worshipper of Gozag Ym Sagoz the Greedy
  2842 | D:4      | Found a sand-covered staircase.
  2848 | Ossuary  | Entered an ossuary
  2961 | Ossuary  | Noticed a wraith
  2961 | Ossuary  | Noticed a flying skull
  2968 | Ossuary  | Noticed a flying skull
  2996 | Ossuary  | Noticed a flying skull
  3004 | Ossuary  | Noticed a flying skull
  3015 | Ossuary  | Reached skill level 3 in Long Blades
  3015 | Ossuary  | Gained mutation: You regenerate a little health from kills.
                  | [demonic ancestry]
  3015 | Ossuary  | Reached XP level 5. HP: 17/44 MP: 5/5
  3228 | Ossuary  | Noticed a wraith
  3234 | Ossuary  | Killed a wraith
  3235 | Ossuary  | Reached skill level 4 in Long Blades
  3235 | Ossuary  | Reached XP level 6. HP: 51/51 MP: 6/6
  3259 | Ossuary  | Reached skill level 5 in Long Blades
  3351 | Ossuary  | Noticed a wraith
  3387 | Ossuary  | Killed a wraith
  3388 | Ossuary  | Reached XP level 7. HP: 31/56 MP: 7/7
  3530 | D:4      | Found a staircase to the Ecumenical Temple.
  3575 | D:4      | Found a shimmering blue altar of Sif Muna.
  3767 | D:4      | Reached skill level 6 in Long Blades
  3826 | D:4      | Found a sacrificial altar of Ru.
  3888 | D:4      | Found an iron altar of Okawaru.
  3984 | D:4      | Found a burning altar of Makhleb.
  4186 | D:5      | Entered Level 5 of the Dungeon
  4222 | D:5      | Reached skill level 7 in Long Blades
  4410 | D:5      | Gained mutation: You sometimes gain a little power by
                  | taking damage. [demonic ancestry]
  4410 | D:5      | Reached XP level 8. HP: 60/62 MP: 8/8
  4584 | D:5      | Reached skill level 8 in Long Blades
  4589 | D:5      | HP: 1/62 [ice beast (7)]
  5595 | D:5      | Reached skill level 9 in Long Blades
  6454 | D:6      | HP: 1/58 [wight/+2 halberd of freezing (15)]
  6454 | D:6      | Slain by a wight

Illustrated notes

Levels and vault maps discovered:
D:1:      psy_arrival_heroes, layout_loops_corners,
          shapermc_ecumenical_altar_mp_ritualfount, st_stairs_14,
          minmay_misc_feat_encased
D:2:      layout_loops_cross
D:3:      layout_basic, nicolae_gozag_cash_rules_everything_around_me
D:4:      wander_river, layout_cave_pods, bloody_makhleb,
          mainiacjoe_overflow_boulevard, nicolae_sif_muna_little_library,
          kennysheep_okawaru_gauntlet, temple_statues,
          lightli_ossuary_entry_decrepit_ruins, item_on_display_a
D:5:      layout_loops_corners, kennysheep_generic_room_16
D:6:      layout_cave_pods

Skill      XL: |  1  2  3  4  5  6  7  8 |
---------------+-------------------------+-----
Fighting       | 3 4 5 |  5.1
Long Blades    | 3 4 5 7 9 |  9.6
Throwing       | |  1.7
Dodging        | |  2.6

Action                   |  1- 3 |  4- 6 |  7- 9 || total
-------------------------+-------+-------+-------++-------
Melee: Long sword        |    87 |       |       ||    87
       Punch             |     3 |     3 |     5 ||    11
       Short sword       |    59 |    19 |       ||    78
       Dagger            |       |    81 |   269 ||   350
  Use: Scroll            |       |     2 |       ||     2
       Potion            |       |     2 |     2 ||     4
 Stab: Distracted        |       |     1 |     1 ||     2
Armor: Ring mail         |    60 |    23 |    94 ||   177
       Leather armour    |     1 |       |       ||     1
Dodge: Dodged            |   110 |    48 |   165 ||   323

Table legend: (Time is in decaauts)
 A = Elapsed time spent in this place.
 B = Non-inter-level travel time spent in this place.
 C = Inter-level travel time spent in this place.
 D = Time resting spent in this place.
 E = Time spent auto-exploring this place.
 F = Levels seen in this place.
 G = Mean time per level.
                   A        B        C        D        E       F      G
               +--------+--------+--------+--------+--------+-----+--------+
         Total |   6468 |   6193 |    275 |    960 |   4001 |   7 |  924.0 |
       Dungeon |   5787 |   5512 |    275 |    601 |   3849 |   6 |  964.5 |
       Ossuary |    680 |    680 |      0 |    359 |    152 |   1 |  680.0 |
               +--------+--------+--------+--------+--------+-----+--------+

Top non-repeatable levels by time:
     D:5: 1627 daAuts
     D:1: 1148 daAuts
     D:4: 898 daAuts
     D:3: 873 daAuts
 Ossuary: 680 daAuts
     D:2: 652 daAuts
     D:6: 587 daAuts
